| TOP OF THE 1ST |
|
Savannah Indians batting - Pitching for Birmingham Barons : RHP Buddy Maher
|
|
Pitching: RHP Buddy Maher
|
|
|
Batting: RHB Angel Salazar
|
0-0: Foul Ball, location: 2F 0-1: Swinging Strike 0-2: Fly out, F9 (Flyball, 9, EV 91.3 MPH)
|
|
Batting: LHB Felix Agapay
|
0-0: Called Strike 0-1: Ball 1-1: Ball 2-1: Called Strike 2-2: Strikes out swinging
|
|
Batting: RHB Eddie Vargas
|
0-0: DOUBLE (Groundball, 5L, EV 110.0 MPH)
|
|
Batting: RHB Wade Rowdon
|
0-0: Ball 1-0: Ball 2-0: Ball 3-0: Called Strike 3-1: 2-RUN HOME RUN (Flyball, 78XD, EV 94.4 MPH), Distance : 419 ft
|
|
Batting: RHB Ramiro Gutierrez
|
0-0: Ball 1-0: Fly out, F4 (Popup, 13, EV 72.5 MPH)
|
| Top of the 1st over - 2 runs, 2 hits, 0 errors, 0 left on base; Savannah 2 - Birmingham 0 |
| BOTTOM OF THE 1ST |
|
Birmingham Barons batting - Pitching for Savannah Indians : LHP Frank DiPino
|
|
Pitching: LHP Frank DiPino
|
|
|
Batting: RHB Bob Bathe
|
0-0: Bunt missed! 0-1: Ball 1-1: Ball 2-1: Fly out, F8 (Flyball, 8LS, EV 85.0 MPH)
|
|
Batting: LHB Vernon Ramie
|
0-0: Ball 1-0: Ball 2-0: Ball 3-0: Base on Balls
|
|
Batting: RHB Tim Hulett
|
0-0: Ball 1-0: Ball 2-0: Foul Ball, location: 2F 2-1: Fly out, F2 (Popup, 5SF, EV 78.1 MPH)
|
|
Batting: RHB Bill R Moore
|
0-0: Hit by Pitch Vernon Ramie to second
|
|
Batting: LHB Joe Szekely
|
0-0: Foul Ball, location: 2F 0-1: Reached on error, E1 (Groundball, 13S, EV 69.4 MPH) Vernon Ramie to third Bill R Moore to second
|
|
Batting: RHB Anthony Veith
|
0-0: Called Strike 0-1: Ball 1-1: Foul Ball, location: 2F 1-2: Fly out, F7 (Flyball, 8LM, EV 90.6 MPH)
|
| Bottom of the 1st over - 0 runs, 0 hits, 1 error, 3 left on base; Savannah 2 - Birmingham 0 |
| TOP OF THE 2ND |
|
Savannah Indians batting - Pitching for Birmingham Barons : RHP Buddy Maher
|
|
Batting: LHB Roberto Hernandez
|
0-0: Ground out 4-3 (Groundball, 4, EV 81.9 MPH)
|
|
Batting: LHB Albert Castillo
|
0-0: Called Strike 0-1: Ball 1-1: Ball 2-1: Ground out 6-3 (Groundball, 56, EV 89.4 MPH)
|
|
Batting: RHB Jeff Hearron
|
0-0: Called Strike 0-1: Ground out 5-3 (Groundball, 56S, EV 66.3 MPH)
|
| Top of the 2nd over - 0 runs, 0 hits, 0 errors, 0 left on base; Savannah 2 - Birmingham 0 |
| BOTTOM OF THE 2ND |
|
Birmingham Barons batting - Pitching for Savannah Indians : LHP Frank DiPino
|
|
Batting: RHB Jim Wilson
|
0-0: Foul Ball, location: 2F 0-1: Foul Ball, location: 2F 0-2: Ball 1-2: Ball 2-2: Fly out, F8 (Flyball, 8RD, EV 91.9 MPH)
|
|
Batting: RHB Daniel Johnson
|
0-0: Called Strike 0-1: Called Strike 0-2: Ball 1-2: Ball 2-2: Foul Ball, location: 2F 2-2: Foul Ball, location: 2F 2-2: Ball 3-2: Strikes out swinging
|
|
Batting: RHB Rod Johnson
|
0-0: Swinging Strike 0-1: Ball 1-1: Foul Ball, location: 2F 1-2: Ball 2-2: Ball 3-2: Foul Ball, location: 2F 3-2: Base on Balls
|
|
Batting: RHB Bob Bathe
|
0-0: Called Strike 0-1: Ball 1-1: Swinging Strike 1-2: Fielders Choice at 2nd, 6-4 (Groundball, 6, EV 82.5 MPH)
|
| Bottom of the 2nd over - 0 runs, 0 hits, 0 errors, 1 left on base; Savannah 2 - Birmingham 0 |
| TOP OF THE 3RD |
|
Savannah Indians batting - Pitching for Birmingham Barons : RHP Buddy Maher
|
|
Batting: RHB Mario Diaz
|
0-0: Ball 1-0: Foul Ball, location: 2F 1-1: Swinging Strike 1-2: Ball 2-2: Ball 3-2: SINGLE (Line Drive, 78M, EV 105.0 MPH)
|
|
Batting: RHB Angel Salazar
|
0-0: Swinging Strike 0-1: Ball 1-1: Grounds into double play, 5-4-3 (Groundball, 56, EV 105.0 MPH)
|
|
Batting: LHB Felix Agapay
|
0-0: Ball 1-0: Foul Ball, location: 2F 1-1: Called Strike 1-2: Foul Ball, location: 2F 1-2: Ball 2-2: Foul Ball, location: 2F 2-2: Ball 3-2: Foul Ball, location: 2F 3-2: Ground out 4-3 (Groundball, 4, EV 86.3 MPH)
|
| Top of the 3rd over - 0 runs, 1 hit, 0 errors, 0 left on base; Savannah 2 - Birmingham 0 |
| BOTTOM OF THE 3RD |
|
Birmingham Barons batting - Pitching for Savannah Indians : LHP Frank DiPino
|
|
Batting: LHB Vernon Ramie
|
0-0: Ball 1-0: Swinging Strike 1-1: Swinging Strike 1-2: Strikes out swinging
|
|
Batting: RHB Tim Hulett
|
0-0: Foul Ball, location: 2F 0-1: Swinging Strike 0-2: SINGLE (Groundball, 4MD, EV 101.3 MPH)
|
|
Batting: RHB Bill R Moore
|
0-0: Swinging Strike 0-1: Called Strike 0-2: Ball Wild Pitch! Tim Hulett to second 1-2: Strikes out swinging, 2-3 out at first.
|
|
Batting: LHB Joe Szekely
|
0-0: Foul Ball, location: 2F 0-1: Ball 1-1: Ball 2-1: Ball 3-1: Foul Ball, location: 2F 3-2: Base on Balls
|
|
Batting: RHB Anthony Veith
|
0-0: Ball 1-0: Ball 2-0: Ball 3-0: Called Strike 3-1: Foul Ball, location: 2F 3-2: Base on Balls Tim Hulett to third Joe Szekely to second
|
|
Batting: RHB Jim Wilson
|
0-0: Swinging Strike 0-1: Fielders Choice at 2nd, 6-4 (Groundball, 6, EV 86.3 MPH)
|
| Bottom of the 3rd over - 0 runs, 1 hit, 0 errors, 3 left on base; Savannah 2 - Birmingham 0 |
| TOP OF THE 4TH |
|
Savannah Indians batting - Pitching for Birmingham Barons : RHP Buddy Maher
|
|
Batting: RHB Eddie Vargas
|
0-0: Ground out 5-3 (Groundball, 56, EV 83.8 MPH)
|
|
Batting: RHB Wade Rowdon
|
0-0: Called Strike 0-1: Called Strike 0-2: Ball 1-2: Fly out, F9 (Flyball, 89XD, EV 109.4 MPH)
|
|
Batting: RHB Ramiro Gutierrez
|
0-0: Foul Ball, location: 2F 0-1: Ball 1-1: Foul Ball, location: 2F 1-2: Ball 2-2: Foul Ball, location: 2F 2-2: Foul Ball, location: 2F 2-2: Strikes out swinging
|
| Top of the 4th over - 0 runs, 0 hits, 0 errors, 0 left on base; Savannah 2 - Birmingham 0 |
| BOTTOM OF THE 4TH |
|
Birmingham Barons batting - Pitching for Savannah Indians : LHP Frank DiPino
|
|
Batting: RHB Daniel Johnson
|
0-0: Ball 1-0: Foul Ball, location: 2F 1-1: Ground out 6-3 (Groundball, 6, EV 100.0 MPH)
|
|
Batting: RHB Rod Johnson
|
0-0: SINGLE (Groundball, 56S, EV 66.9 MPH) (infield hit)
|
|
Batting: RHB Bob Bathe
|
0-0: Ball 1-0: Ball 2-0: Called Strike 2-1: Foul Ball, location: 2F 2-2: 2-RUN HOME RUN (Flyball, 7D, EV 98.1 MPH), Distance : 362 ft
|
|
Batting: LHB Vernon Ramie
|
0-0: Called Strike 0-1: Called Strike 0-2: Foul Ball, location: 2F 0-2: SINGLE (Line Drive, 7S, EV 91.3 MPH)
|
|
Batting: RHB Tim Hulett
|
0-0: Called Strike 0-1: Ball 1-1: Foul Ball, location: 2F 1-2: Strikes out looking
|
|
Batting: RHB Bill R Moore
|
0-0: Ball 1-0: Ball 2-0: Called Strike 2-1: Called Strike 2-2: Fly out, F6 (Flyball, 6D, EV 88.1 MPH)
|
| Bottom of the 4th over - 2 runs, 3 hits, 0 errors, 1 left on base; Savannah 2 - Birmingham 2 |
| TOP OF THE 5TH |
|
Savannah Indians batting - Pitching for Birmingham Barons : RHP Buddy Maher
|
|
Batting: LHB Roberto Hernandez
|
0-0: Ball 1-0: Fly out, F9 (Flyball, 9LD, EV 102.5 MPH)
|
|
Batting: LHB Albert Castillo
|
0-0: Called Strike 0-1: Foul Ball, location: 2F 0-2: Ball 1-2: Ball 2-2: Ball 3-2: Ground out 6-3 (Groundball, 6, EV 108.8 MPH)
|
|
Batting: RHB Jeff Hearron
|
0-0: DOUBLE (Line Drive, 9LS, EV 95.0 MPH)
|
|
Batting: RHB Mario Diaz
|
0-0: Swinging Strike 0-1: Ball 1-1: Ball 2-1: Ground out 4-3 (Groundball, 34, EV 103.1 MPH)
|
| Top of the 5th over - 0 runs, 1 hit, 0 errors, 1 left on base; Savannah 2 - Birmingham 2 |
| BOTTOM OF THE 5TH |
|
Birmingham Barons batting - Pitching for Savannah Indians : LHP Frank DiPino
|
|
Batting: LHB Joe Szekely
|
0-0: Fly out, F9 (Flyball, 9, EV 80.6 MPH)
|
|
Batting: RHB Anthony Veith
|
0-0: Called Strike 0-1: Foul Ball, location: 2F 0-2: Ball 1-2: Fly out, F8 (Flyball, 8LXD, EV 96.9 MPH)
|
|
Batting: RHB Jim Wilson
|
0-0: Called Strike 0-1: Ball 1-1: Ground out 3-1 (Groundball, 34S, EV 79.4 MPH)
|
| Bottom of the 5th over - 0 runs, 0 hits, 0 errors, 0 left on base; Savannah 2 - Birmingham 2 |
| TOP OF THE 6TH |
|
Savannah Indians batting - Pitching for Birmingham Barons : RHP Buddy Maher
|
|
Batting: RHB Angel Salazar
|
0-0: Ground out 4-3 (Groundball, 4M, EV 88.8 MPH)
|
|
Batting: LHB Felix Agapay
|
0-0: Foul Ball, location: 2F 0-1: Foul Ball, location: 2F 0-2: DOUBLE (Flyball, 8LXD, EV 91.3 MPH)
|
|
Batting: RHB Eddie Vargas
|
0-0: Called Strike 0-1: Ball 1-1: Ball 2-1: Ball 3-1: Ground out 6-3 (Groundball, P, EV 90.0 MPH) Felix Agapay to third
|
|
Batting: RHB Wade Rowdon
|
0-0: Called Strike 0-1: Fly out, F8 (Line Drive, 8RM, EV 106.9 MPH)
|
| Top of the 6th over - 0 runs, 1 hit, 0 errors, 1 left on base; Savannah 2 - Birmingham 2 |
| BOTTOM OF THE 6TH |
|
Birmingham Barons batting - Pitching for Savannah Indians : LHP Frank DiPino
|
|
Batting: RHB Daniel Johnson
|
0-0: Foul Ball, location: 2F 0-1: Ball 1-1: Called Strike 1-2: Ball 2-2: Ball 3-2: Foul Ball, location: 2F 3-2: Ground out 6-3 (Groundball, 56, EV 90.6 MPH)
|
|
Batting: RHB Rod Johnson
|
0-0: Ball 1-0: Ball 2-0: Ball 3-0: Called Strike 3-1: SINGLE (Groundball, 56D, EV 100.6 MPH)
|
|
Batting: RHB Bob Bathe
|
0-0: Ball 1-0: Ball 2-0: Fly out, F7 (Line Drive, 7D, EV 87.5 MPH)
|
|
Batting: LHB Vernon Ramie
|
0-0: Ball 1-0: Called Strike 1-1: Ball 2-1: Ball 3-1: Foul Ball, location: 2F 3-2: Foul Ball, location: 2F 3-2: Foul Ball, location: 2F 3-2: Fly out, F8 (Flyball, 8LD, EV 97.5 MPH)
|
| Bottom of the 6th over - 0 runs, 1 hit, 0 errors, 1 left on base; Savannah 2 - Birmingham 2 |
| TOP OF THE 7TH |
|
Savannah Indians batting - Pitching for Birmingham Barons : RHP Buddy Maher
|
|
Batting: RHB Ramiro Gutierrez
|
0-0: Foul Ball, location: 2F 0-1: Called Strike 0-2: Ball 1-2: SINGLE (Line Drive, 6MD, EV 96.9 MPH)
|
|
Batting: LHB Roberto Hernandez
|
0-0: Ball 1-0: Ball 2-0: SINGLE (Line Drive, 8LS, EV 95.0 MPH) Ramiro Gutierrez to second
|
|
Batting: LHB Albert Castillo
|
0-0: Bunt missed! 0-1: Ball 1-1: Bunted foul 1-2: Ball 2-2: Ball 3-2: Fly out, F9 (Flyball, 89S, EV 87.5 MPH)
|
|
Batting: RHB Jeff Hearron
|
0-0: Ball 1-0: Ball 2-0: Called Strike 2-1: Ball 3-1: Base on Balls Ramiro Gutierrez to third Roberto Hernandez to second
|
|
Batting: RHB Mario Diaz
|
0-0: Ball 1-0: Foul Ball, location: 2F 1-1: Ball 2-1: Grounds into fielders choice 1-2 (Groundball, 15S, EV 65.6 MPH) Roberto Hernandez to third Jeff Hearron to second
|
|
Batting: RHB Angel Salazar
|
0-0: Ball 1-0: Swinging Strike 1-1: Called Strike 1-2: Foul Ball, location: 2F 1-2: Fly out, F6 (Line Drive, 6, EV 76.3 MPH)
|
| Top of the 7th over - 0 runs, 2 hits, 0 errors, 3 left on base; Savannah 2 - Birmingham 2 |
| BOTTOM OF THE 7TH |
|
Birmingham Barons batting - Pitching for Savannah Indians : LHP Frank DiPino
|
|
Batting: RHB Tim Hulett
|
0-0: Ball 1-0: Called Strike 1-1: Ball 2-1: Foul Ball, location: 2F 2-2: Foul Ball, location: 2F 2-2: Strikes out swinging
|
|
Batting: RHB Bill R Moore
|
0-0: Called Strike 0-1: Foul Ball, location: 2F 0-2: Ball 1-2: Foul Ball, location: 2F 1-2: Ball 2-2: Ball 3-2: Foul Ball, location: 2F 3-2: Foul Ball, location: 2F 3-2: Foul Ball, location: 2F 3-2: Foul Ball, location: 2F 3-2: Base on Balls
|
|
Pitching: LHP John LoCascio
|
|
|
Batting: LHB Joe Szekely
|
0-0: Ball 1-0: Reached on error, E4 (Popup, 4S, EV 58.8 MPH) Bill R Moore to second
|
|
Batting: RHB Anthony Veith
|
0-0: Swinging Strike 0-1: Ball 1-1: Foul Ball, location: 2F 1-2: SINGLE (Flyball, 4D, EV 85.0 MPH) Bill R Moore to third Joe Szekely to second
|
|
Batting: RHB Jim Wilson
|
0-0: Ball 1-0: Ball 2-0: Foul Ball, location: 2F 2-1: Ball 3-1: Fly out, F9 (Flyball, 9, EV 98.1 MPH) Runner from 3rd tags up, OUT at HOME! 9-2
|
| Bottom of the 7th over - 0 runs, 1 hit, 1 error, 2 left on base; Savannah 2 - Birmingham 2 |
| TOP OF THE 8TH |
|
Savannah Indians batting - Pitching for Birmingham Barons : RHP Buddy Maher
|
|
Batting: LHB Felix Agapay
|
0-0: Called Strike 0-1: Ball 1-1: Called Strike 1-2: Ground out 6-3 (Groundball, 6S, EV 71.3 MPH)
|
|
Batting: RHB Eddie Vargas
|
0-0: Called Strike 0-1: Foul Ball, location: 2F 0-2: Ball 1-2: Hit by Pitch
|
|
Batting: RHB Wade Rowdon
|
0-0: SINGLE (Groundball, 6MD, EV 95.0 MPH) Eddie Vargas to second Runner from 2nd tries for 3rd, SAFE, no throw by CF
|
|
Batting: RHB Ramiro Gutierrez
|
0-0: Ball 1-0: Ball 2-0: SINGLE (Flyball, 89S, EV 91.9 MPH) Eddie Vargas scores Wade Rowdon to second Runner from 2nd tries for 3rd, SAFE, no throw by CF
|
|
Batting: LHB Roberto Hernandez
|
0-0: Swinging Strike 0-1: Ball 1-1: SINGLE (Groundball, 34D, EV 100.0 MPH) Wade Rowdon scores Ramiro Gutierrez to second Runner from 2nd tries for 3rd, SAFE, no throw by RF
|
|
Batting: LHB Albert Castillo
|
0-0: Ball 1-0: Foul Ball, location: 2F 1-1: Ball 2-1: Ball 3-1: Called Strike 3-2: SINGLE (Line Drive, 56D, EV 106.9 MPH) Ramiro Gutierrez scores Roberto Hernandez to second Roberto Hernandez to third
|
|
Pitching: RHP Jay Kibbe
|
|
|
Batting: RHB Jeff Hearron
|
0-0: Foul Ball, location: 2F 0-1: Swinging Strike 0-2: Foul Ball, location: 2F 0-2: Ball 1-2: Ball 2-2: Ball 3-2: Ground out U3 (Groundball, 13, EV 83.8 MPH) Albert Castillo to second
|
|
Batting: RHB Mario Diaz
|
0-0: Ball 1-0: Fly out, F8 (Flyball, 8RD, EV 100.6 MPH)
|
| Top of the 8th over - 3 runs, 4 hits, 0 errors, 2 left on base; Savannah 5 - Birmingham 2 |
| BOTTOM OF THE 8TH |
|
Birmingham Barons batting - Pitching for Savannah Indians : LHP John LoCascio
|
|
Batting: RHB Daniel Johnson
|
0-0: Fly out, F9 (Flyball, 89D, EV 96.3 MPH)
|
|
Batting: RHB Rod Johnson
|
0-0: Ball 1-0: Fly out, F8 (Flyball, 8LD, EV 90.6 MPH)
|
|
Batting: RHB Bob Bathe
|
0-0: Ball 1-0: Swinging Strike 1-1: Foul Ball, location: 2F 1-2: SINGLE (Line Drive, 78S, EV 107.5 MPH)
|
|
Batting: LHB Vernon Ramie
|
0-0: Ball 1-0: Foul Ball, location: 2F 1-1: Called Strike 1-2: Ball 2-2: Foul Ball, location: 2F 2-2: Ball 3-2: Foul Ball, location: 2F 3-2: Strikes out swinging
|
| Bottom of the 8th over - 0 runs, 1 hit, 0 errors, 1 left on base; Savannah 5 - Birmingham 2 |
| TOP OF THE 9TH |
|
Savannah Indians batting - Pitching for Birmingham Barons : RHP Jay Kibbe
|
|
Pitching: LHP Mark Moore
|
|
|
Batting: RHB Angel Salazar
|
0-0: DOUBLE (Line Drive, 9LM, EV 101.9 MPH)
|
|
Batting: LHB Felix Agapay
|
0-0: Ball 1-0: Swinging Strike 1-1: Swinging Strike 1-2: Ball 2-2: Strikes out swinging
|
|
Batting: RHB Eddie Vargas
|
0-0: Swinging Strike 0-1: Ball 1-1: Foul Ball, location: 2F 1-2: Foul Ball, location: 2F 1-2: Strikes out swinging
|
|
Batting: RHB Wade Rowdon
|
0-0: Foul Ball, location: 2F 0-1: Ball 1-1: Called Strike 1-2: 2-RUN HOME RUN (Flyball, 7D, EV 96.9 MPH), Distance : 365 ft
|
|
Batting: RHB Ramiro Gutierrez
|
0-0: Ground out 5-3 (Groundball, 56, EV 100.0 MPH)
|
| Top of the 9th over - 2 runs, 2 hits, 0 errors, 0 left on base; Savannah 7 - Birmingham 2 |
| BOTTOM OF THE 9TH |
|
Birmingham Barons batting - Pitching for Savannah Indians : LHP John LoCascio
|
|
Batting: RHB Tim Hulett
|
0-0: SINGLE (Flyball, 78S, EV 90.6 MPH)
|
|
Batting: RHB Bill R Moore
|
0-0: Foul Ball, location: 2F 0-1: Foul Ball, location: 2F 0-2: Foul Ball, location: 2F 0-2: Ball 1-2: Foul Ball, location: 2F 1-2: Strikes out swinging
|
|
Batting: LHB Joe Szekely
|
0-0: Ball 1-0: Called Strike 1-1: Ball 2-1: Grounds into double play, 4-6-3 (Groundball, 4, EV 93.8 MPH)
|
| Bottom of the 9th over - 0 runs, 1 hit, 0 errors, 0 left on base; Savannah 7 - Birmingham 2 |
|